 Dungeon Crawl Stone Soup version 0.21.0-25-ge575cb9 (webtiles) character file.

88 troglodite the Charmwright (level 4, -4/36 HPs)
             Began as a Demigod Skald on Jan 24, 2018.
             Slain by a gnoll
             ... wielding a +0 halberd
              (17 damage)
             ... on level 3 of the Dungeon.
             The game lasted 00:06:22 (2817 turns).

troglodite the Charmwright (Demigod Skald)          Turns: 2817, Time: 00:06:23

Health: -4/36      AC:  3    Str: 16    XL:     4   Next: 9%
Magic:  9/9        EV: 12    Int: 17    God:
Gold:   55         SH:  0    Dex: 15    Spells: 3/7 levels left

rFire    . . .     SeeInvis .   a - +0 falchion
rCold    . . .     Gourm    .   (no shield)
rNeg     . . .     Faith    .   b - +0 leather armour
rPois    .         Spirit   .   (no helmet)
rElec    .         Reflect  .   (no cloak)
rCorr    .         Harm     .   (no gloves)
MR       .....                  (no boots)
Stlth    +.........             r - amulet of inaccuracy (curse)
HPRegen  0.12/turn              (no ring)
MPRegen  0.11/turn              (no ring)

@: no status effects
A: high mp 1
a: no special abilities


You were on level 3 of the Dungeon.
You were very hungry.

You visited 1 branch of the dungeon, and saw 3 of its levels.

You collected 55 gold pieces.

Inventory:

Hand Weapons
 a - a +0 falchion (weapon)
Armour
 b - a +0 leather armour (worn)
Jewellery
 r - a cursed amulet of inaccuracy (around neck)
Scrolls
 f - a scroll of remove curse {unknown}
 g - a scroll of enchant weapon {unknown}
 h - a scroll of blinking {unknown}
 i - 2 scrolls of fog {unknown}
 l - 2 scrolls of teleportation {unknown}
 m - a scroll of enchant armour {unknown}
 o - a scroll of magic mapping {unknown}
Potions
 j - a potion of haste
 k - a potion of curing
 n - 2 potions of flight
 q - a potion of lignification
 s - a potion of resistance {unknown}
Books
 c - a book of Battle

   Spells                             Type                      Level
   a - Infusion                       Charms                       1
   b - Shroud of Golubria             Charms/Translocation         2
   c - Song of Slaying                Charms                       2
   d - Spectral Weapon                Hexes/Charms                 3
   e - Regeneration                   Charms/Necromancy            3
Comestibles
 d - 7 rations


   Skills:
 * Level 2.1 Fighting
 + Level 2.2 Long Blades
 * Level 2.0 Armour
 * Level 2.1 Dodging
 * Level 2.0 Spellcasting
 * Level 3.4 Charms


You had 3 spell levels left.
You knew the following spells:

 Your Spells              Type           Power        Failure   Level  Hunger
a - Infusion              Chrm           ##..         6%          1    #......
b - Spectral Weapon       Hex/Chrm       #.......     34%         3    ###....


Dungeon Overview and Level Annotations

Branches:
Dungeon (3/15)


Innate Abilities, Weirdness & Mutations

You have an increased reservoir of magic. (+10% MP)


Message History

The gnoll is severely wounded.
The gnoll closely misses you.
You hit the gnoll but do no damage.
The gnoll is severely wounded.
The gnoll misses you.
You miss the gnoll.
The gnoll is severely wounded.
The gnoll hits you with a halberd.
You closely miss the gnoll.
The gnoll is severely wounded.
The gnoll closely misses you.
You riposte.
You hit the gnoll but do no damage.
The gnoll is severely wounded.
You hit the gnoll but do no damage.
The gnoll is severely wounded.
The gnoll barely misses you.
You riposte.
You closely miss the gnoll.
The gnoll is severely wounded.
You hit the gnoll.
The gnoll is almost dead.
The gnoll hits you with a halberd!
You die...

.... ... ...
#.. #.# #.#
#.# #.# #@#
###.#g#
..#.#.#
#.#.#.#
#.#.#.#
###.###.#.#.#
#.......#.#.#
#.###<#.#.####
#.....#.#....#


You could see a gnoll.

Vanquished Creatures
  Jessica (D:3)
  A gnoll (D:2)
  An adder (D:2)
  An ooze (D:1)
  2 worms (D:2)
  2 dart slugs
  A giant cockroach (D:2)
  4 goblins
  2 hobgoblins (D:1)
  2 jackals (D:2)
  A quokka (D:2)
  4 bats
  A frilled lizard (D:3)
  4 kobolds (D:1)
  7 rats
34 creatures vanquished.

Notes
Turn   | Place    | Note
-------+----------+-------------------------------------------
     0 | D:1      | troglodite the Demigod Skald began the quest for the Orb.
     0 | D:1      | Reached XP level 1. HP: 17/17 MP: 5/5
   180 | D:1      | Reached skill level 1 in Armour
   210 | D:1      | Reached skill level 3 in Charms
   338 | D:1      | Reached XP level 2. HP: 21/24 MP: 7/7
  1674 | D:2      | Reached XP level 3. HP: 20/29 MP: 8/8
  1871 | D:2      | Learned a level 3 spell: Spectral Weapon
  2592 | D:3      | Noticed Jessica
  2606 | D:3      | Killed Jessica
  2606 | D:3      | Reached XP level 4. HP: 4/36 MP: 9/9
  2817 | D:3      | Slain by a gnoll

Skill      XL: |  1  2  3 |
---------------+----------+-----
Armour         | 1 2 |  2.0
Charms         | 3 |  3.4
Fighting       | 2 |  2.1
Long Blades    | 2 |  2.2
Dodging        | 2 |  2.1
Spellcasting   | 2 |  2.0

Action                   |  1- 3 |  4- 6 || total
-------------------------+-------+-------++-------
Melee: Falchion          |   117 |    17 ||   134
  Use: Scroll            |       |     4 ||     4
  Eat: Chunk             |     5 |       ||     5
Armor: Leather armour    |    24 |     2 ||    26
Dodge: Dodged            |    71 |    15 ||    86
       Rpst.: Falchion   |    21 |     4 ||    25
